 Dungeon Sprint DCSS version bcrawl-1.19.2-6-g6a88ae04c9 (webtiles) character file.

Game seed: 6643466629011683592

1476 pasperui the Unseen (level 8, -8/75 HPs)
             Began as a Naga Transmuter on Jan 8, 2020.
             Was a Believer of Cheibriados.
             Mangled by a two-headed ogre
             ... wielding a +0 giant club
              (21 damage)
             ... in the Dungeon (Sprint III: "The Ten Rune Challenge").
             The game lasted 00:05:29 (991 turns).

pasperui the Unseen (Naga Transmuter)                Turns: 991, Time: 00:05:29

Health: -8/75      AC:  4    Str: 20    XL:     8   Next: 78%
Magic:  3/12       EV: 10    Int: 17    God:    Cheibriados [**....]
Gold:   34         SH:  0    Dex: 15    Spells: 3/11 levels left

rFire    . . .     SeeInvis +     - Unarmed
rCold    . . .     Gourm    .   (shield currently unavailable)
rNeg     . . .     Faith    .   b - +0 robe
rPois    +         Spirit   .   (no helmet)
rElec    .         Reflect  .   l - +0 cloak
rCorr    .         Harm     .   (gloves currently unavailable)
MR       +....     NoTele   +   (no barding)
Stlth    ++++++....             (no amulet)
HPRegen  0.22/turn              (no ring)
MPRegen  0.13/turn              (no ring)

@: blade hands, very slightly contaminated, very slow
A: large, see invisible, deformed body, poison resistance, slowness 2, slow
metabolism 1, spit poison 1, AC +2
a: Spit Poison, End Transformation, Bend Time, Renounce Religion


You were in the Dungeon.
You worshipped Cheibriados.
Cheibriados was pleased with you.
You were hungry.
You had blades for hands.
You visited 1 branch You collected 34 gold pieces.

Inventory:

Missiles
 a - 110 arrows
Armour
 b - a +0 robe (worn)
 l - a +0 cloak (worn)
Wands
 g - a wand of random effects (10)
Scrolls
 c - a scroll of enchant armour {unknown}
 k - 2 scrolls of blinking
 n - 2 scrolls of immolation {unknown}
 o - 2 scrolls of identify {unknown}
 q - a scroll of fear {unknown}
 r - a scroll of remove curse {unknown}
Potions
 d - a potion of heal wounds
 e - a potion of curing
 i - 2 potions of magic
 m - 7 potions of mutation {unknown}
 p - 2 potions of flight
 s - a potion of ambrosia {unknown}
Miscellaneous
 h - a lightning rod (4/4)
Comestibles
 f - 4 rations {!d}
 j - 9 chunks of flesh


   Skills:
 - Level 5.4 Fighting
 - Level 1.5 Dodging
 - Level 15.4 Stealth
 - Level 8.9 Unarmed Combat
 - Level 2.0 Spellcasting
 - Level 11.3 Transmutations
 * Level 5.5 Invocations


You had 3 spell levels left.
You knew the following spells:

 Your Spells              Type           Power        Failure   Level  Hunger
a - Beastly Appendage     Tmut           #####.       9%          1    #......
b - Sticks to Snakes      Tmut           #####...     10%         2    ###....
c - Blade Hands           Tmut           #####.....   34%         5    ######.

Your spell library contained the following spells:

 Spells                   Type           Power        Failure   Level  Hunger
 Spider Form              Tmut/Pois      ###          36%         3    ###....
 Apportation              Tloc           #.....       61%         1    #......
 Infusion                 Chrm           #.......     61%         1    #......
 Sandblast                Erth           #.....       61%         1    #......
 Slow                     Hex            #.......     61%         1    #......
 Summon Butterflies       Summ           #.......     61%         1    #......
 Ice Form                 Ice/Tmut       ###.....     61%         4    #####..


Dungeon Overview and Level Annotations

Branches:
Dungeon (1/1)

Altars:
Cheibriados
Dithmenos
Elyvilon
Fedhas
Gozag
Hepliaklqana
Kikubaaqudgha
Lugonu
Makhleb
Nemelex Xobeh
Okawaru
Qazlal
Ru
Sif Muna
Trog
Uskayaw
Vehumet
Wu Jian
Xom
Yredelemnul
Zin
The Shining One
Beogh
Jiyva


Innate Abilities, Weirdness & Mutations

You cannot wear boots.
Your serpentine skin is tough. (AC +2)
You have supernaturally acute eyesight. (SInv)
Armour fits poorly on your strangely shaped body.
Your system is resistant to poisons. (rPois)
You cover ground very slowly.
You have a slow metabolism.
You can spit poison.


Message History

You are feeling hungry.
The helpless two-headed ogre fails to defend itself.
You slice the two-headed ogre!!
The two-headed ogre is moderately wounded.
The two-headed ogre hits you with a +0 giant club!
The two-headed ogre closely misses you.
You hit the two-headed ogre.
The two-headed ogre is heavily wounded.
You hit the two-headed ogre.
The two-headed ogre is heavily wounded.
The two-headed ogre hits you with a +0 giant club!!
The two-headed ogre hits you with a +0 giant club.
You hit the two-headed ogre.
The two-headed ogre is heavily wounded.
You slice the two-headed ogre!!
The two-headed ogre is almost dead.
The two-headed ogre hits you with a +0 giant club!!
* * * LOW HITPOINT WARNING * * *
The two-headed ogre hits you with a +0 giant club!!
You die...

___#__# __.#._#
'###)## ......#
......# #####'#
__#...#+##############
__#...#....#.#.#O....#
__#...##.#..#.##@#
__#...'##.#.#.##.#
__'...#)).#..#..##
▓▓▓▓▓▓▓▓▓▓▓▓▓▓▓▓▓


You could see a two-headed ogre.

Vanquished Creatures
  A deep elf mage (D)
  A shadow (D)
  A spatial vortex (D)
  A necrophage (D)
  3 two-headed ogres (D)
  A water elemental (D)
  Crazy Yiuf (D)
  A jelly (D)
  A wizard (D)
  Jessica (D)
  A necromancer (D)
  3 humans (D)
  A kobold demonologist (D)
  2 oozes (D)
19 creatures vanquished.

Vanquished Creatures (others)
  2 draconian scorchers (D)
  2 yaktaurs (D)
  6 hellions (D)
10 creatures vanquished.

Grand Total: 29 creatures vanquished

Notes
Turn   | Place    | Note
-------+----------+-------------------------------------------
     0 | D        | pasperui the Naga Transmuter began the quest for the Orb.
     0 | D        | Reached XP level 1. HP: 18/18 MP: 3/3
    17 | D        | Reached skill level 5 in Unarmed Combat
    17 | D        | Reached XP level 2. HP: 14/25 MP: 3/5
   126 | D        | Noticed Jessica
   133 | D        | Killed Jessica
   133 | D        | Reached XP level 3. HP: 29/31 MP: 4/6
   133 | D        | Killed a yaktaur
   134 | D        | Killed a hellion
   147 | D        | Killed a hellion
   148 | D        | Noticed Crazy Yiuf
   160 | D        | Killed Crazy Yiuf
   160 | D        | Reached XP level 4. HP: 17/38 MP: 5/7
   170 | D        | Killed a white draconian scorcher
   173 | D        | Killed a hellion
   173 | D        | Killed a hellion
   175 | D        | Killed a white draconian scorcher
   242 | D        | Killed a hellion
   244 | D        | Killed a hellion
   355 | D        | Killed a yaktaur
   365 | D        | Learned a level 2 spell: Sticks to Snakes
   369 | D        | Noticed a water elemental
   372 | D        | Killed a water elemental
   372 | D        | Reached skill level 5 in Fighting
   372 | D        | Reached XP level 5. HP: 52/52 MP: 0/8
   441 | D        | Found a glowing silver altar of Zin.
   442 | D        | Found a glowing golden altar of the Shining One.
   442 | D        | Found a white marble altar of Elyvilon.
   442 | D        | Noticed a deep elf mage
   450 | D        | Noticed an ice beast
   460 | D        | Killed a deep elf mage
   460 | D        | Reached XP level 6. HP: 45/61 MP: 9/9
   460 | D        | Reached XP level 7. HP: 49/67 MP: 10/10
   565 | D        | Learned a level 5 spell: Blade Hands
   650 | D        | Found a basalt altar of Yredelemnul.
   650 | D        | Found a shadowy altar of Dithmenos.
   650 | D        | Found a sacrificial altar of Ru.
   651 | D        | Reached skill level 6 in Stealth
   652 | D        | Reached skill level 7 in Stealth
   665 | D        | Found a radiant altar of Vehumet.
   666 | D        | Found a shimmering blue altar of Sif Muna.
   666 | D        | Found an ancient bone altar of Kikubaaqudgha.
   667 | D        | Reached skill level 8 in Stealth
   669 | D        | Noticed an ice devil
   691 | D        | Noticed a shadow
   692 | D        | Killed a shadow
   692 | D        | Reached skill level 11 in Stealth
   695 | D        | Reached skill level 12 in Stealth
   695 | D        | Reached XP level 8. HP: 63/75 MP: 5/11
   701 | D        | Found a blossoming altar of Fedhas.
   701 | D        | Found a stormy altar of Qazlal.
   701 | D        | Found a snail-covered altar of Cheibriados.
   701 | D        | Found a burning altar of Makhleb.
   701 | D        | Found a shimmering altar of Xom.
   702 | D        | Found a hazy altar of Hepliaklqana.
   702 | D        | Found an opulent altar of Gozag.
   702 | D        | Found a sparkling altar of Nemelex Xobeh.
   702 | D        | Found a corrupted altar of Lugonu.
   702 | D        | Found a viscous altar of Jiyva.
   707 | D        | Reached skill level 13 in Stealth
   714 | D        | Became a worshipper of Cheibriados the Contemplative
   828 | D        | Found a hide-covered altar of Uskayaw.
   828 | D        | Found an iron altar of Okawaru.
   830 | D        | Found a roughly hewn altar of Beogh.
   830 | D        | Found a bloodstained altar of Trog.
   830 | D        | Found an ornate altar of the Wu Jian Council.
   832 | D        | Reached skill level 14 in Stealth
   835 | D        | Reached * piety under Cheibriados
   835 | D        | Reached skill level 15 in Stealth
   867 | D        | Reached ** piety under Cheibriados
   872 | D        | Reached skill level 5 in Invocations
   980 | D        | Noticed a two-headed ogre
   991 | D        | Mangled by a two-headed ogre

Skill      XL: |  1  2  3  4  5  6  7  8 |
---------------+-------------------------+-----
Unarmed Combat | 5 7 8 |  8.9
Fighting       | 5 |  5.4
Transmutations | 11 | 11.3
Stealth        | 12 15 | 15.4
Invocations    | 5 |  5.5
Dodging        | |  1.5
Spellcasting   | |  2.0

Action                   |  1- 3 |  4- 6 |  7- 9 || total
-------------------------+-------+-------+-------++-------
Melee: Unarmed           |    16 |    14 |    31 ||    61
       Headbutt          |     3 |       |       ||     3
       Punch             |       |     3 |       ||     3
 Cast: Beastly Appendage |     3 |     2 |       ||     5
       Sticks to Snakes  |       |     1 |       ||     1
       Blade Hands       |       |       |     5 ||     5
 Abil: Spit Poison       |     1 |     2 |     2 ||     5
       End Transformatio |       |       |     1 ||     1
  Use: Potion            |     1 |     3 |       ||     4
 Stab: Sleeping          |       |       |     2 ||     2
  Eat: Chunk             |       |       |     2 ||     2
Armor: Skin              |       |     1 |       ||     1
       Robe              |       |       |     1 ||     1
Dodge: Dodged            |     9 |     4 |    10 ||    23
